 Dungeon Crawl Stone Soup version 0.29.0-15-g675c0067aa (webtiles) character file.

Game seed: 17408300614364403288

342 LucemDeus the Trooper (level 6, 0/49 HPs)
             Began as a Demonspawn Fighter on Sept 11, 2022.
             Was an Initiate of Ru.
             Slain by a two-headed ogre
             ... wielding a +0 giant club
              (23 damage)
             ... on level 5 of the Dungeon.
             The game lasted 00:06:26 (4483 turns).

LucemDeus the Trooper (Demonspawn Fighter)          Turns: 4483, Time: 00:06:27

Health: 0/49       AC: 11    Str: 18    XL:     6   Next: 30%
Magic:  6/6        EV:  5    Int: 10    God:    Ru [......]
Gold:   168        SH:  7    Dex: 12    Spells: 5/5 levels left

rFire   . . .      SeeInvis .   a - +0 flail
rCold   . . .      Faith    .   c - +2 buckler
rNeg    . . .      Spirit   .   k - +0 plate armour
rPois   .          Reflect  .   (helmet restricted)
rElec   .          Harm     .   (no cloak)
rCorr   .          Rampage  .   (no gloves)
Will    +....                   (no boots)
Stlth   ..........              (no amulet)
HPRegen 0.16/turn               i - ring of willpower
MPRegen 0.10/turn               (no ring)

@: no status effects
A: antennae 2, powered by death 1, spiny 1
a: Renounce Religion


You were on level 5 of the Dungeon.
You worshipped Ru.
Ru was noncommittal.
You visited 1 branch of the dungeon, and saw 5 of its levels.

You collected 168 gold pieces.

Inventory:

Hand Weapons
 a - a +0 flail (weapon)
Armour
 b - a +0 scale mail
 c - a +2 buckler (worn)
 k - a +0 plate armour (worn)
Jewellery
 i - a ring of willpower (left hand)
Scrolls
 l - 4 scrolls of teleportation
 o - 2 scrolls of amnesia
 r - a scroll of fog
 s - a scroll of identify
Potions
 d - a potion of might
 e - a potion of heal wounds {unknown}
 f - a potion of haste {unknown}
 g - 2 potions of berserk rage
 h - a potion of mutation {unknown}
 j - a potion of resistance {unknown}
 m - a potion of flight {unknown}
 n - a potion of ambrosia {unknown}
 p - 3 potions of curing {unknown}
 q - 2 potions of degeneration {unknown}


   Skills:
 + Level 4.3 Fighting
 + Level 3.3 Maces & Flails
 + Level 4.0 Armour
 + Level 4.0 Shields


You had 5 spell levels left.
You didn't know any spells.
Your spell library contained the following spells:

 Spells                   Type           Power      Damage    Failure   Level
 Magic Dart               Conj           0%         1d3       100%        1
 Shock                    Conj/Air       0%         1d3       100%        1
 Call Imp                 Summ           0%         N/A       100%        2
 Call Canine Familiar     Summ           0%         N/A       100%        3
 Mephitic Cloud           Conj/Pois/Air  0%         N/A       100%        3
 Portal Projectile        Hex/Tloc       0%         N/A       100%        3
 Swiftness                Air            0%         N/A       100%        3
 Airstrike                Air            0%         2d(0-16)  100%        4
 Leda's Liquefaction      Hex/Erth       0%         N/A       100%        4


Dungeon Overview and Level Annotations

Branches:
Dungeon (5/15)
 Temple: D:4-7

Altars:
Kikubaaqudgha
Ru
Trog
Uskayaw

Shops:
D:1 ?   D:2 [


Innate Abilities, Weirdness & Mutations

You have a pair of antennae on your head.
You regenerate a little health from kills.
You are partially covered in sharp spines.


Message History

Found a stone staircase leading up.
There is a stone staircase leading up here.
There is a stone staircase leading down here.
There is a stone staircase leading down here.
An orc comes into view. It is wielding a +0 club.
The orc shouts!
You hit the orc.
The orc is severely wounded.
You block the orc's attack.
You sock the orc!
You kill the orc!
No target in view!
An adder comes into view.
The adder hisses angrily.
An adder is nearby!
You closely miss the adder. You block the adder's attack.
The adder is struck by your spines. The adder bites you but does no damage.
You closely miss the adder.
The adder is moderately wounded.
The adder barely misses you.
You closely miss the adder.
The adder is moderately wounded.
The adder is struck by your spines. The adder barely misses you.
You block the adder's attack.
You barely miss the adder.
The adder is heavily wounded.
The adder is struck by your spines.
The adder bites you but does no damage. x2
You thump the adder!
You kill the adder!
No target in view!
Found an escape hatch in the floor.
There is an escape hatch in the floor here.
You sense a monster nearby.
A two-headed ogre comes into view. It is wielding two +0 giant clubs.
The two-headed ogre shouts in stereo!
The two-headed ogre is struck by your spines.
The two-headed ogre hits you with a +0 giant club!!
Ouch! That really hurt!
The two-headed ogre hits you with a +0 giant club!!
You die...

#......# #....#
####.###### #.####
.....# #.# .....# #.#
.....#.# #######.# #
.....#.# #.##......# ..
....^#.###.##.######.#
.....#........###....#
.###.#..........@O#
.###..........##.......#
.#................######
.#................#
.................##
#####.######.....# #.#
####..# #.# #..# #.#


You could see a two-headed ogre.

Vanquished Creatures
  An ogre (D:4)
  A scorpion (D:5)
  Jessica (D:2)
  2 iguanas
  A gnoll (D:3)
  3 adders
  A white imp (D:5)
  An ufetubus (D:4)
  2 dart slugs
  3 orcs
  4 ball pythons
  3 bats
  5 endoplasms
  2 giant cockroaches
  6 hobgoblins
  10 jackals
  3 quokkas
  8 frilled lizards
  3 goblins
  5 kobolds
  6 rats
71 creatures vanquished.

Notes
Turn   | Place    | Note
-------+----------+-------------------------------------------
     0 | D:1      | LucemDeus the Demonspawn Fighter began the quest for the
                  | Orb.
     0 | D:1      | Reached XP level 1. HP: 18/18 MP: 1/1
   303 | D:1      | Gained mutation: You are partially covered in sharp spines.
                  | [demonic ancestry]
   303 | D:1      | Reached XP level 2. HP: 24/24 MP: 2/2
   382 | D:1      | Found a faded altar of an unknown god.
   594 | D:1      | Found Ame Hiq's Magic Scroll Boutique.
   977 | D:2      | Noticed Jessica
   982 | D:2      | Killed Jessica
   983 | D:2      | Gained mutation: You regenerate a little health from kills.
                  | [demonic ancestry]
   983 | D:2      | Reached XP level 3. HP: 24/29 MP: 3/3
  1473 | D:2      | Gained mutation: You have a pair of small antennae on your
                  | head. [demonic ancestry]
  1473 | D:2      | Reached XP level 4. HP: 35/35 MP: 4/4
  1511 | D:2      | Found Powerch's Antique Armour Shop.
  1861 | D:3      | Found a hide-covered altar of Uskayaw.
  2188 | D:3      | Found a bloodstained altar of Trog.
  2399 | D:3      | Found an ancient bone altar of Kikubaaqudgha.
  3138 | D:4      | Found a sacrificial altar of Ru.
  3188 | D:4      | Noticed an ogre
  3197 | D:4      | Killed an ogre
  3198 | D:4      | Reached XP level 5. HP: 5/42 MP: 5/5
  3904 | D:4      | Became a worshipper of Ru the Awakened
  3946 | D:5      | Entered Level 5 of the Dungeon
  3959 | D:5      | Gained mutation: You have a pair of antennae on your head.
                  | [demonic ancestry]
  3959 | D:5      | Reached XP level 6. HP: 44/48 MP: 6/6
  4480 | D:5      | Noticed a two-headed ogre
  4483 | D:5      | Slain by a two-headed ogre

Illustrated notes

Levels and vault maps discovered:
D:1:      dpeg_arrival_signposts, layout_rooms,
          shapermc_ecumenical_altar_totnotflames, serial_shops,
          nicolae_shop_window_shopping
D:2:      layout_loops_corners, serial_shops, nicolae_shop_trees, uniq_jessica
D:3:      layout_basic, mainiacjoe_overflow_large_starburst, marbit_many_paths,
          lemuel_crystal_altar
D:4:      layout_layer_cave, nicolae_ru_path_of_blood
D:5:      layout_basic

Skill      XL: |  1  2  3  4  5  6 |
---------------+-------------------+-----
Maces & Flails | 2 3 |  3.3
Shields        | 3 4 |  4.0
Armour         | 3 4 |  4.0
Fighting       | 4 |  4.3

Action                   |  1- 3 |  4- 6 || total
-------------------------+-------+-------++-------
Melee: Flail             |    65 |    78 ||   143
  Use: Scroll            |     7 |     4 ||    11
Armor: Scale mail        |    22 |     7 ||    29
       Plate armour      |       |    22 ||    22
Dodge: Dodged            |    21 |    17 ||    38
Block: Buckler           |    16 |    31 ||    47
